 Dungeon Crawl Stone Soup version 0.22-a0-558-gc224181 (webtiles) character file.

35 inc the Skirmisher (level 3, -3/41 HPs)
             Began as an Ogre Hunter on June 26, 2018.
             Slain by a hobgoblin
             ... wielding a +0 club
             ... led by Robin
              (9 damage)
             ... on level 2 of the Dungeon.
             The game lasted 00:01:12 (1181 turns).

inc the Skirmisher (Ogre Hunter)                    Turns: 1181, Time: 00:01:12

Health: -3/41      AC:  3    Str: 17    XL:     3   Next: 35%
Magic:  0/3        EV: 10    Int: 12    God:
Gold:   10         SH:  0    Dex:  9    Spells: 2/2 levels left

rFire    . . .     SeeInvis .   a - +0 short sword
rCold    . . .     Gourm    .   (no shield)
rNeg     . . .     Faith    .   b - +0 robe
rPois    .         Spirit   +   (helmet restricted)
rElec    .         Reflect  .   (no cloak)
rCorr    .         Harm     .   (gloves unavailable)
MR       .....                  (boots unavailable)
Stlth    +.........             g - amulet of guardian spirit
HPRegen  0.13/turn              (no ring)
MPRegen  0.08/turn              (no ring)

@: no status effects
A: large, unfitting armour, tough skin 1
a: no special abilities


You were on level 2 of the Dungeon.
You were not hungry.

You visited 1 branch of the dungeon, and saw 2 of its levels.

You collected 10 gold pieces.

Inventory:

Hand Weapons
 a - a +0 short sword (weapon)
Missiles
 c - 4 large rocks (quivered)
 d - 2 throwing nets
Armour
 b - a +0 robe (worn)
Jewellery
 g - an amulet of guardian spirit (around neck)
 h - an uncursed ring of fire
Potions
 e - 3 potions of cancellation {unknown}
Comestibles
 f - a ration


   Skills:
 + Level 4.9 Fighting
 - Level 4.0 Throwing
 - Level 1.7 Dodging
 - Level 0.6 Stealth


You had 2 spell levels left.
You didn't know any spells.
Your spell library was empty.

Dungeon Overview and Level Annotations

Branches:
Dungeon (2/15)

Altars:

Annotations:
D:2 Robin


Innate Abilities, Weirdness & Mutations

You are too large for most types of armour.
You have tough skin. (AC +1)


Message History

The goblin hits you. The hobgoblin closely misses you.
The goblin closely misses you. The hobgoblin hits you with a club.
* * * LOW HITPOINT WARNING * * *
The goblin closely misses you. x2; The hobgoblin closely misses you.
Unknown command.
Throwing (i - inventory. (/) - cycle)
c - 5 large rocks (quivered)
Press: ? - help, Shift-Dir - straight line, f - goblin
Aim: a goblin (unusually strong)
You throw a large rock. The large rock hits the goblin!
You kill the goblin!
The goblin hits you but does no damage. The hobgoblin closely misses you.
The goblin hits you.
* * * LOW HITPOINT WARNING * * *
The hobgoblin misses you. The goblin closely misses you.
The goblin hits you but does no damage. The hobgoblin hits you with a club.
The goblin barely misses you. Robin throws the goblin at you!
The goblin hits you but does no damage. The hobgoblin hits you.
* * * LOW HITPOINT WARNING * * *
The hobgoblin hits you with a club!
You die...

#.... .# .... .#
# ...###.#.#
....#.#.#
#.K.....#
#Kg.....#
..###Kggg...##
.....gg@g....##
......ggg.....###
####.##.#.#......
# #.......#
.......#.....# #
######.#..<..#..#
#.#.#......#
#.#.<........
#.#.#........


You could see Robin, 3 hobgoblins, 6 goblins and 3 kobolds.

Vanquished Creatures
  A dart slug (D:1)
  2 leopard geckos (D:1)
  3 hobgoblins (D:1)
  A kobold (D:1)
  3 ball pythons (D:1)
  2 bats (D:1)
  A frilled lizard (D:1)
  10 goblins
  6 rats (D:1)
29 creatures vanquished.

Notes
Turn   | Place    | Note
-------+----------+-------------------------------------------
     0 | D:1      | inc the Ogre Hunter began the quest for the Orb.
     0 | D:1      | Reached XP level 1. HP: 22/22 MP: 1/1
   118 | D:1      | Reached XP level 2. HP: 10/31 MP: 2/2
   940 | D:1      | Reached XP level 3. HP: 40/40 MP: 3/3
  1173 | D:2      | Noticed Robin
  1181 | D:2      | Slain by a hobgoblin

Vault maps used:
D:1:      lightli_arrival_lavapool, serial_glass, glass_columns_a,
          glass_columns_b, glass_columns_b, glass_columns_b, glass_columns_a,
          glass_columns_b, glass_columns_a, glass_columns_b,
          minmay_strange_pillars, minmay_strange_pillars, item_on_display_a,
          minmay_tetromino_l4
D:2:      kennysheep_six_static_rooms, uniq_robin, uniq_terence

Skill      XL: |  1  2 |
---------------+-------+-----
Fighting       | 3 4 |  4.9
Throwing       | |  4.0
Dodging        | |  1.7
Stealth        | |  0.6

Action                   || total
-------------------------++-------
Melee: Short sword       ||    86
Throw: Large rock        ||     2
  Eat: Chunk             ||     1
Armor: Robe              ||    25
Dodge: Dodged            ||    56

Table legend:
 A = Spawn XP
 B = Non-spawn XP
 C = Spawn XP percentage of total XP
 D = Spawn monster count
 E = Non-spawn monster count
 F = Spawn count percentage of total count
 G = Total turns spent on level
                    A         B        C        D         E        F      G
               +---------+---------+-------+---------+---------+-------+---------
         Total |       0 |      51 |   0.0 |       0 |      29 |   0.0 |  1181
               +---------+---------+-------+---------+---------+-------+---------
           D:1 |       0 |      49 |   0.0 |       0 |      28 |   0.0 |  1160
           D:2 |       0 |       2 |   0.0 |       0 |       1 |   0.0 |    21
               +---------+---------+-------+---------+---------+-------+---------
